 Dungeon Crawl Stone Soup version 0.27-a0-836-gfc908b8576 (webtiles) character file.

Game seed: 11072876597533874873

50 robertstho the Magician (level 3, -4/26 HPs)
             Began as a Djinni Ice Elementalist on Mar 31, 2021.
             Slain by Robin
             ... wielding a +0 mace
              (5 damage)
             ... on level 2 of the Dungeon.
             The game lasted 00:02:19 (1781 turns).

robertstho the Magician (Djinni Ice Elementalist)   Turns: 1781, Time: 00:02:19

Health: -4/26      AC:  2    Str:  6 (7)  XL:     3   Next: 79%
Gold:   66         EV: 12    Int: 16 (17) God:
                   SH:  0    Dex: 11 (13)

rFire    + + .     SeeInvis .   f - +1 whip
rCold    x . .     Faith    .   (no shield)
rNeg     . . .     Spirit   .   a - +0 robe
rPois    ∞         Reflect  .   (no helmet)
rElec    .         Harm     .   (no cloak)
rCorr    .         Rampage  .   (no gloves)
Will     .....                  (boots unavailable)
Stlth    ++........             (no amulet)
HPRegen  0.08/turn              (no ring)
MPRegen  0.00/turn              (no ring)

@: weak-willed, flying
A: fire resistance 2, cold vulnerability 1, float, innate caster, hp casting,
extra vitality 1
a: no special abilities


You were on level 2 of the Dungeon.
You visited 1 branch of the dungeon, and saw 2 of its levels.

You collected 66 gold pieces.

Inventory:

Hand Weapons
 f - a +1 whip (weapon)
Armour
 a - a +0 robe (worn)
Jewellery
 j - an amulet of regeneration
Scrolls
 i - a scroll of enchant armour
Potions
 b - a potion of curing {unknown}
 c - a potion of degeneration
 g - 2 potions of might {unknown}
 k - 2 potions of haste {unknown}


   Skills:
 * Level 0.8 Fighting
 + Level 2.3 Dodging
 + Level 1.6 Stealth
 * Level 4.4 Spellcasting


You couldn't memorise any spells.
You knew the following spells:

 Your Spells              Type           Power      Damage    Failure   Level
a - Freeze                Ice            68%        1d8       2%          1
b - Frozen Ramparts       Ice            34%        1d5       8%          3
c - Ozocubu's Armour      Ice            17%        N/A       8%          3
d - Hailstorm             Conj/Ice       17%        3d6       26%         4
e - Summon Ice Beast      Ice/Summ       17%        N/A       26%         4
f - Corona                Hex            18%        N/A       2%          1
Your spell library was empty.

Dungeon Overview and Level Annotations

Branches:
Dungeon (2/15)

Altars:

Annotations:
D:2 Robin


Innate Abilities, Weirdness & Mutations

You are immune to poison.
Your flesh is very heat resistant. (rF++)
You are vulnerable to cold. (rC-)
You float through the air rather than walking.
You learn spells naturally, not from books.
Your magical power is your life essence.
You have superior vitality. (+4 HP)


Message History

Aiming: Freeze (safe; 2% risk of failure)
Press: ? - help, Shift-Dir - straight line, f - giant cockroach
Aim: a giant cockroach You freeze the giant cockroach.
The giant cockroach is severely wounded.
* * * LOW HITPOINT WARNING * * *
The giant cockroach barely misses you.
Casting: Freeze (safe; 2% risk of failure)
Confirm with . or Enter, or press ? or * to list all spells.
Aiming: Freeze (safe; 2% risk of failure)
Press: ? - help, Shift-Dir - straight line, f/p - giant cockroach
Aim: a giant cockroach (severely wounded)
You freeze the giant cockroach!
You kill the giant cockroach!
* * * LOW HITPOINT WARNING * * *
Unknown command.
You see here a +0 hand axe.
Blink to where?
Press: ? - help, Dir - move target
As you read the scroll labelled KOERIG GADWIMPIZ, it crumbles to dust.
It was a scroll of blinking.
A goblin comes into view. It is wielding a +0 club.
As you read the scroll labelled XICRAOPIMA, it crumbles to dust.
The goblin shouts!
Magic quickly surges around you.
It was a scroll of vulnerability.
You hear a shout! x2
As you read the scroll labelled RONUSAUMNU, it crumbles to dust.
It is a scroll of identify.
i - a scroll of enchant armour Robin misses you.
As you read the scroll labelled CIPAGG PUAME, it crumbles to dust.
The scroll dissolves into smoke.
It was a scroll of fog.
Robin flexes a bicep menacingly.
Robin hits you with a +0 mace.
* * * LOW HITPOINT WARNING * * *
It was a potion of degeneration.
There was something very wrong with that liquid.
You feel weakened.
You feel dopey.
You feel clumsy. Robin hits you with a +0 mace.
You die...

##.....#.....## ..
##.............## .
#...............#
#...............#
#.......)..†....#
#...............##############
#..........)....g..†..g.......
#..........§§g§.#.......####..
##.........§§@g########.....#.
##.....#..§§§## #####...
############# ###.## #...#
#.### #.# # #.# ## ##.###.
###################......


You could see Robin (weak-willed), a hobgoblin and a goblin (strong,
weak-willed).

Vanquished Creatures
  An adder (D:2)
  A gnoll (D:1)
  A worm (D:2)
  A dart slug (D:1)
  A bat (D:1)
  4 endoplasms (D:1)
  3 giant cockroaches
  4 hobgoblins
  A quokka (D:2)
  2 ball pythons (D:2)
  4 frilled lizards (D:1)
  A goblin (D:2)
  2 rats
26 creatures vanquished.

Notes
Turn   | Place    | Note
-------+----------+-------------------------------------------
     0 | D:1      | robertstho the Djinni Ice Elementalist began the quest for
                  | the Orb.
     0 | D:1      | Reached XP level 1. HP: 15/15 MP: 0/0
     5 | D:1      | Noticed an electric eel
   433 | D:1      | Reached XP level 2. HP: 20/21 MP: 0/0
   453 | D:1      | Reached skill level 4 in Spellcasting
   829 | D:1      | Reached XP level 3. HP: 16/26 MP: 0/0
   829 | D:1      | Learned a level 1 spell: Corona
  1749 | D:2      | Noticed Robin
  1780 | D:2      | HP: 1/26 [Robin/+0 mace (5)]
  1781 | D:2      | Slain by Robin

Illustrated notes

Levels and vault maps discovered:
D:1:      arrival_aquarium_a, layout_loops_ring, minmay_split_cup_large
D:2:      layout_rooms, uniq_robin

Skill      XL: |  1  2 |
---------------+-------+-----
Spellcasting   | 4 |  4.4
Fighting       | |  0.8
Dodging        | |  2.3
Stealth        | |  1.6

Action                   || total
-------------------------++-------
Melee: Unarmed           ||     3
       Whip              ||    28
 Cast: Freeze            ||    35
  Use: Scroll            ||     4
       Potion            ||     1
 Stab: Sleeping          ||     2
Armor: Robe              ||     9
Dodge: Dodged            ||    29

Table legend: (Time is in decaauts)
 A = Elapsed time spent in this place.
 B = Non-inter-level travel time spent in this place.
 C = Inter-level travel time spent in this place.
 D = Time resting spent in this place.
 E = Time spent auto-exploring this place.
 F = Levels seen in this place.
 G = Mean time per level.
                   A        B        C        D        E       F      G
               +--------+--------+--------+--------+--------+-----+--------+
         Total |   1783 |   1778 |      5 |      0 |   1559 |   2 |  891.5 |
       Dungeon |   1783 |   1778 |      5 |      0 |   1559 |   2 |  891.5 |
               +--------+--------+--------+--------+--------+-----+--------+

Top non-repeatable levels by time:
     D:1: 1334 daAuts
     D:2: 448 daAuts
